 Dungeon Crawl Stone Soup version 0.24.1-14-gf8d2b509d9 (console) character file.

Game seed: 17532505734515846207, levelgen mode: deterministic

55 Kagalorn the Ruffian (level 3, 0/29 HPs)
             Began as a Barachi Warper on Aug 12, 2020.
             Slain by a worker ant (2 damage)
             ... on level 4 of the Dungeon.
             The game lasted 00:04:32 (679 turns).

Kagalorn the Ruffian (Barachi Warper)                Turns: 679, Time: 00:04:33

Health: 0/29       AC:  4    Str: 13    XL:     3   Next: 93%
Magic:  6/6        EV: 12    Int: 13    God:
Gold:   14         SH:  2    Dex: 11    Spells: 6/6 levels left

rFire    . . .     SeeInvis .     - Unarmed
rCold    . . .     Gourm    .   (no shield)
rNeg     . . .     Faith    .   a - +1 leather armour
rPois    .         Spirit   .   (no helmet)
rElec    .         Reflect  +   (no cloak)
rCorr    .         Harm     .   (no gloves)
MR       .....                  (no boots)
Stlth    +.........             b - +2 amulet of reflection
HPRegen  0.09/turn              (no ring)
MPRegen  0.10/turn              (no ring)

@: can't hop, very slightly contaminated, slow
A: +LOS, swims, slowness 1, strong legs 1
a: Hop


You were on level 4 of the Dungeon.
You were not hungry.

You visited 1 branch of the dungeon, and saw 4 of its levels.

You collected 14 gold pieces.

Inventory:

Missiles
 d - a boomerang of dispersal (quivered)
 e - a throwing net
Armour
 a - a +1 leather armour (worn)
Jewellery
 b - a +2 amulet of reflection (around neck)
Potions
 h - a potion of brilliance
Comestibles
 f - 2 rations


   Skills:
 + Level 3.4 Fighting
 - Level 1.0 Throwing
 - Level 1.2 Armour
 - Level 2.1 Dodging
 * Level 3.9 Unarmed Combat
 - Level 2.1 Spellcasting
   Level 3.2 Translocations


You had 6 spell levels left.
You didn't know any spells.
Your spell library contained the following spells:

 Spells                   Type           Power        Failure   Level  Hunger
 Blink                    Tloc           N/A          12%         2    ###....
 Shroud of Golubria       Chrm/Tloc      #.....       24%         2    ###....
 Gell's Gravitas          Tloc           #.........   24%         3    ####...
 Lesser Beckoning         Tloc           #.........   24%         3    ####...
 Teleport Other           Tloc           #.......     24%         3    ####...
 Passage of Golubria      Tloc           N/A          63%         4    #####..


Dungeon Overview and Level Annotations

Branches:
Dungeon (4/15)
 Temple: D:4-7

Altars:


Innate Abilities, Weirdness & Mutations

Shadows flee at your approach. (+LOS)
You can swim through water.
You cover ground slowly.
You can hop short distances.


Message History

You are very lightly contaminated with residual magic.
As you read the scroll of blinking, it crumbles to dust.
Found a scroll labeled VAODOAL CIGRE and 15 gold pieces.
Found a stone staircase leading down.
An ogre comes into view. It is wielding a +0 giant club.
Okay, then.
As you read the scroll labeled XOUNUTHR IL IGO, it crumbles to dust.
It is a scroll of identify.
h - a potion of brilliance
Okay, then.
The leopard gecko closely misses you. The leopard gecko bites you.
The worker ant waves its antennae.
The scorpion stings you!
* * * LOW HITPOINT WARNING * * *
You block the worker ant's attack. The worker ant bites you.
* * * LOW HITPOINT WARNING * * *
The leopard gecko barely misses you. The scorpion closely misses you.
Okay, then.
The worker ant bites you.
You die...

#......##..##
#.....>......
#.........
#......#
#......#
#......#
#$.sl..#
#.aO...# ##
#.la@..##..##.#
#..?..........#
#.............+
#......########
#.....O##
#.......
#........
#......######
#......##...###.


You could see 2 ogres, a scorpion, an iguana, 2 worker ants and a leopard gecko.

Vanquished Creatures
  A centaur skeleton (D:4)
  A leopard gecko (D:2)
  A ball python (D:1)
  2 bats (D:1)
  2 giant cockroaches
  3 goblins (D:1)
  6 jackals
  3 kobolds (D:1)
  A quokka (D:2)
  2 rats (D:1)
22 creatures vanquished.

Notes
Turn   | Place    | Note
-------+----------+-------------------------------------------
     0 | D:1      | Kagalorn the Barachi Warper began the quest for the Orb.
     0 | D:1      | Reached XP level 1. HP: 17/17 MP: 3/3
    39 | D:1      | Reached XP level 2. HP: 9/23 MP: 5/5
    89 | D:1      | HP: 1/23 [bat (1)]
   444 | D:2      | Reached XP level 3. HP: 12/29 MP: 6/6
   661 | D:4      | Noticed an ogre
   664 | D:4      | Noticed a scorpion
   672 | D:4      | Noticed an ogre
   679 | D:4      | Slain by a worker ant

Levels and vault maps discovered:
D:1:      ebering_trefoil_3fold, layout_rooms
D:2:      layout_loops_ring, first_ration
D:3:      layout_basic, minmay_misc_feat_doors, hangedman_decor_points,
          chequers_serial_rivers_marsh, minmay_statues_item
D:4:      layout_gridville, minmay_close_crescents

Skill      XL: |  1  2 |
---------------+-------+-----
Unarmed Combat | 3 |  3.9
Fighting       | 3 |  3.4
Throwing       | |  1.0
Armour         | |  1.2
Dodging        | |  2.1
Spellcasting   | |  2.1
Translocations | |  3.2

Action                   || total
-------------------------++-------
Melee: Unarmed           ||   100
       Punch             ||     1
Throw: Boomerang         ||     4
 Abil: Hop               ||     5
  Use: Scroll            ||     5
Armor: Leather armour    ||    24
Dodge: Dodged            ||    82
Block: Other             ||     7
